 Dungeon Crawl Stone Soup version 0.23.2-33-g5129a83 (webtiles) character file.

Game seed: 10355210300362713089

209 technought the Shield-Bearer (level 5, -2/33 HPs)
             Began as a Gargoyle Fighter on Aug 7, 2019.
             Was an Initiate of Makhleb.
             Slain by a crocodile (5 damage)
             ... in a sewer.
             The game lasted 00:05:38 (2255 turns).

technought the Shield-Bearer (Gargoyle Fighter)     Turns: 2255, Time: 00:05:39

Health: -2/33      AC: 11    Str: 21    XL:     5   Next: 87%
Magic:  5/5        EV:  8    Int:  8    God:    Makhleb [......]
Gold:   140        SH:  9    Dex:  9    Spells: 4/4 levels left

rFire    . . .     SeeInvis .   a - +0 long sword
rCold    . . .     Gourm    .   c - +0 shield
rNeg     + . .     Faith    .   b - +0 scale mail
rPois    ∞         Spirit   .   (no helmet)
rElec    +         Reflect  .   (no cloak)
rCorr    .         Harm     .   (no gloves)
MR       .....                  (no boots)
Stlth    ..........             h - amulet of the acrobat
HPRegen  0.11/turn              (no ring)
MPRegen  0.09/turn              (no ring)

@: no status effects
A: negative energy resistance 1, electricity resistance, unbreathing,
petrification resistance, rot immunity, AC +4
a: Renounce Religion


You were in a sewer.
You worshipped Makhleb.
Makhleb was noncommittal.
You were not hungry.

You visited 1 branch of the dungeon, and saw 4 of its levels.
You also visited: Sewer.

You collected 140 gold pieces.

Inventory:

Hand Weapons
 a - a +0 long sword (weapon)
Missiles
 g - 3 javelins of penetration (quivered)
Armour
 b - a +0 scale mail (worn)
 c - a +0 shield (worn)
Jewellery
 h - an amulet of the acrobat (around neck)
Scrolls
 d - a scroll of enchant weapon {unknown}
 i - 4 scrolls of teleportation
 j - a scroll of remove curse {unknown}
 l - a scroll of amnesia
Comestibles
 f - 12 rations


   Skills:
 + Level 4.0 Fighting
 + Level 3.3 Long Blades
 + Level 3.9 Armour
 + Level 1.1 Dodging
 + Level 4.7 Shields


You had 4 spell levels left.
You didn't know any spells.
Your spell library contained the following spells:

 Spells                   Type           Power        Failure   Level  Hunger
 Magic Dart               Conj           #...         99%         1    ##.....
 Blink                    Tloc           N/A          100%        2    ###....
 Call Imp                 Summ           #.......     100%        2    ###....
 Slow                     Hex            #.......     100%        2    ###....
 Conjure Flame            Conj/Fire      #.......     100%        3    ####...
 Mephitic Cloud           Conj/Pois/Air  #.......     100%        3    ####...


Dungeon Overview and Level Annotations

Branches:
Dungeon (4/15)
 Temple: D:4-7

Altars:
Cheibriados
Fedhas
Makhleb

Shops:
D:4 [

Annotations:
D:4 1 runed translucent door


Innate Abilities, Weirdness & Mutations

You are resistant to torment.
Your stone body is resilient. (AC +4)
You are immune to poison.
You resist negative energy. (rN+)
You are resistant to electric shocks. (rElec)
You can survive without breathing.
You are immune to petrification.
You are immune to rotting.


Message History

The crocodile is almost dead.
You block the crocodile's attack. The crocodile bites you!
* * * LOW HITPOINT WARNING * * *
You hit the crocodile.
The crocodile is almost dead.
The crocodile barely misses you.
You riposte.
You closely miss the crocodile.
The crocodile is almost dead.
You barely miss the crocodile.
The crocodile is almost dead.
The crocodile closely misses you.
You hit the crocodile but do no damage.
The crocodile is almost dead.
You block the crocodile's attack.
You closely miss the crocodile.
The crocodile is almost dead.
You block the crocodile's attack. x2
You hit the crocodile but do no damage.
The crocodile is almost dead.
The crocodile bites you.
You die...

## ##
.#[(#
#.#.! ≈≈≈#
##≈≈.##
#≈....#
##t..≈.#
#.@≈#...#
##.≈## .#
#...#
#≈.## .#
#..# ≈.#
#..# ≈.#
#≈≈## #≈.#
#.≈.# ≈..#
##≈≈###.≈#


You could see a crocodile.

Vanquished Creatures
  A hound (D:4)
  An orc priest (D:3)
  An orc wizard (D:3)
  2 adders
  An ooze (D:3)
  An adder skeleton (D:4)
  3 worms (D:4)
  2 dart slugs
  6 orcs (D:3)
  10 bats
  3 giant cockroaches
  6 goblins
  6 hobgoblins
  8 jackals
  2 quokkas
  4 ball pythons
  6 frilled lizards
  9 kobolds
  8 rats
80 creatures vanquished.

Notes
Turn   | Place    | Note
-------+----------+-------------------------------------------
     0 | D:1      | technought the Gargoyle Fighter began the quest for the
                  | Orb.
     0 | D:1      | Reached XP level 1. HP: 14/14 MP: 1/1
    95 | D:1      | Reached XP level 2. HP: 19/19 MP: 2/2
   606 | D:2      | Reached XP level 3. HP: 24/24 MP: 3/3
  1261 | D:3      | Found a blossoming altar of Fedhas.
  1370 | D:3      | Found a burning altar of Makhleb.
  1405 | D:3      | Reached XP level 4. HP: 29/29 MP: 4/4
  1412 | D:3      | Reached skill level 1 in Dodging
  1412 | D:3      | Reached XP level 5. HP: 23/33 MP: 5/5
  1604 | D:3      | Became a worshipper of Makhleb the Destroyer
  1826 | D:3      | Found a snail-covered altar of Cheibriados.
  2045 | D:4      | Found Tacko's Armour Shop.
  2108 | D:4      | Found a runed translucent door.
  2142 | D:4      | Found a glowing drain.
  2198 | Sewer    | Entered a sewer
  2239 | Sewer    | Noticed a crocodile
  2255 | Sewer    | Slain by a crocodile

Skill      XL: |  1  2  3  4  5 |
---------------+----------------+-----
Long Blades    | 2 3 |  3.3
Shields        | 4 |  4.7
Fighting       | 4 |  4.0
Dodging        | 1 |  1.1
Armour         | |  3.9

Action                   |  1- 3 |  4- 6 || total
-------------------------+-------+-------++-------
Melee: Long sword        |   170 |   138 ||   308
  Use: Potion            |       |    10 ||    10
       Scroll            |       |     9 ||     9
  Eat: Chunk             |     1 |     2 ||     3
       Ration            |       |     1 ||     1
Armor: Scale mail        |    93 |    82 ||   175
Dodge: Dodged            |    60 |    61 ||   121
Block: Shield            |    87 |    93 ||   180
       Rpst.: Long sword |    17 |    24 ||    41
